 Dungeon Sprint DCSS version 0.29-a0-284-gf9362112df (webtiles) character file.

Game seed: 3532595918658382180

109182 mhtbhm the Conqueror (level 15, -2/174 HPs)
             Began as a Minotaur Berserker on Mar 26, 2022.
             Was the Champion of Trog.
             Killed from afar by a quicksilver dragon (44 damage)
             ... with a bolt of dispelling energy
             ... in the Dungeon (Sprint III: "The Ten Rune Challenge").
             The game lasted 00:14:12 (6458 turns).

mhtbhm the Conqueror (Minotaur Berserker)           Turns: 6458, Time: 00:14:13

Health: -2/174     AC: 31    Str: 29    XL:     15   Next: 25%
Magic:  23/23      EV: 18    Int: 10    God:    Trog [******]
Gold:   78         SH:  0    Dex: 13    Spells: 14/14 levels left

rFire   . . .      SeeInvis +   a - +8 glaive "Quaseb" {vorpal, rPois rF- rC++ Will+}
rCold   + + .      Faith    .   (shield currently unavailable)
rNeg    . . .      Spirit   .   b - +6 plate armour of the Mantidfly {Slay+2 SInv}
rPois   +          Reflect  .   F - +1 hat
rElec   +          Harm     .   (no cloak)
rCorr   .          Rampage  +   P - +0 pair of gloves "Enarreto" {Rampage Stlth+}
Will    ++++.      NoTele   +   (no boots)
Stlth   +++.......              i - amulet of regeneration
HPRegen 2.19/turn               H - ring of Qotastri {rElec rF+ MP+9 Int+6}
MPRegen 0.18/turn               G - ring "Kuzxicil" {Drain Fly EV+4 Dex+3 Stlth+}

@: strong-willed, on berserk cooldown, flying, regenerating, slowed, very slow
A: horns 2, retaliatory headbutt
}: 2/10 runes: decaying, serpentine
a: Renounce Religion, Berserk, Trog's Hand, Brothers in Arms


You were in the Dungeon.
You worshipped Trog.
Trog was exalted by your worship.
You visited 1 branch You collected 2889 gold pieces.
You spent 2811 gold pieces at shops.

Inventory:

Hand Weapons
 a - the +8 glaive "Quaseb" (weapon) {vorpal, rPois rF- rC++ Will+}
   (Trog gifted it to you in the Dungeon)

   It inflicts extra damage upon your enemies.
   rF:        It makes you vulnerable to fire.
   rC:        It greatly protects you from cold.
   rPois:     It protects you from poison.
   Will:      It increases your willpower.
 r - a +3 hunting sling
 t - a +5 glaive of flaming
 J - a +1 demon trident of electrocution
 K - a +1 vampiric demon trident
Missiles
 u - 4 javelins
 I - 5 curare-tipped darts (quivered)
 Q - 39 stones
Armour
 b - the +6 plate armour of the Mantidfly (worn) {Slay+2 SInv}
   (You bought it in a shop in the Dungeon)

   Slay:      It affects your accuracy & damage with ranged weapons and melee
   (+2).
   SInv:      It lets you see invisible.
 F - a +1 hat (worn)
 O - a +2 tower shield of reflection
 P - the +0 pair of gloves "Enarreto" (worn) {Rampage Stlth+}
   (You acquired it in the Dungeon)

   Rampage:   It bestows one free step when moving towards enemies.
   Stlth:     It makes you more stealthy.
Jewellery
 i - an amulet of regeneration (around neck)
 x - a ring of see invisible
 A - the ring "Maummem" {Wiz *Corrode rN+ Str+2 Stlth+}
   (You found it in the Dungeon)

   [ring of wizardry]

   It improves your spell success rate.
   Str:       It affects your strength (+2).
   rN:        It protects you from negative energy.
   *Corrode:  It may corrode you when you take damage.
   Stlth:     It makes you more stealthy.
 G - the ring "Kuzxicil" (right hand) {Drain Fly EV+4 Dex+3 Stlth+}
   (You bought it in a shop in the Dungeon)

   [ring of evasion]

   EV:        It affects your evasion (+4).
   Dex:       It affects your dexterity (+3).
   Fly:       It grants you flight.
   Drain:     It drains your maximum health when unequipped.
   Stlth:     It makes you more stealthy.
 H - the ring of Qotastri (left hand) {rElec rF+ MP+9 Int+6}
   (You bought it in a shop in the Dungeon)

   [ring of intelligence]

   Int:       It affects your intelligence (+6).
   rF:        It protects you from fire.
   rElec:     It insulates you from electricity.
   MP:        It affects your magic capacity (+9).
Wands
 j - a wand of polymorph (13)
 y - a wand of mindburst (17)
Scrolls
 h - a scroll of blinking
 l - 4 scrolls of torment
 m - 7 scrolls of identify
 p - a scroll of magic mapping {unknown}
 v - a scroll of vulnerability {unknown}
 B - a scroll of immolation {unknown}
 E - 2 scrolls of fog {unknown}
Potions
 c - 3 potions of curing
 d - 3 potions of heal wounds
 e - a potion of haste
 f - 2 potions of magic
 g - a potion of berserk rage
 k - 4 potions of mutation {unknown}
 n - 5 potions of might
 o - a potion of flight {unknown}
 q - 3 potions of brilliance {unknown}
 w - a potion of lignification {unknown}
 z - 2 potions of degeneration {unknown}
 C - 2 potions of resistance {unknown}
 D - a potion of invisibility {unknown}
 M - a potion of experience {unknown}
Miscellaneous
 s - a piece from Xom's chessboard (15/15)
 L - a box of beasts
 N - a tin of tremorstones (1/2)


   Skills:
 O Level 27 Fighting
 O Level 27 Polearms
 + Level 8.8 Throwing
 + Level 26.6 Armour
 + Level 13.3 Dodging
 + Level 14.7 Stealth
 + Level 1.3 Unarmed Combat
 + Level 5.0 Evocations


You had 14 spell levels left.
You didn't know any spells.
Your spell library was empty.

Dungeon Overview and Level Annotations

Branches:
Dungeon (1/1)

Altars:
Cheibriados
Dithmenos
Elyvilon
Fedhas
Gozag
Hepliaklqana
Kikubaaqudgha
Makhleb
Nemelex Xobeh
Okawaru
Qazlal
Ru
Sif Muna
Trog
Uskayaw
Vehumet
Wu Jian
Xom
Yredelemnul
Zin
The Shining One
Beogh
Jiyva
Lugonu

Shops:
D :[!:![=[[(:=[:!(=?


Innate Abilities, Weirdness & Mutations

You have a pair of horns on your head.
You reflexively headbutt those who attack you in melee.


Message History

You kill the frost giant!
Trog accepts your kill.
Trog appreciates your killing of a magic user.
The quicksilver dragon bites your deep troll!!
The quicksilver dragon barely misses your deep troll.
The fire giant hits your deep troll with a +0 great sword of flaming!
The fire giant burns your deep troll.
Your deep troll dies!
Your deep troll's corpse disappears in a puff of smoke!
Your Evocations skill increases to level 5!
Unknown command.
Unknown command.
Reach: a) +8 glaive "Quaseb" {vorpal, rPois rF- rC++ Will+}
Press: ? - help, Dir - move target, f - fire giant
Aim: a fire giant, wielding a +0 great sword of flaming (moderately wounded, about 10% to evade the +8 glaive "Quaseb")
You reach to attack!
You slash the fire giant!
The fire giant is heavily wounded.
The quicksilver dragon bites you but does no damage.
The quicksilver dragon misses you.
Unknown command.
The tremorstone explodes into fragments!
The burst of rock shards engulfs the skeletal warrior but does no damage.
The burst of rock shards engulfs the vault guard!
The burst of rock shards engulfs the fire giant but does no damage.
The burst of rock shards engulfs the vault guard.
The burst of rock shards engulfs the centaur warrior!
The burst of rock shards engulfs the skeletal warrior but does no damage.
The burst of rock shards engulfs the fire giant!
The burst of rock shards engulfs the vault guard! x2
The burst of rock shards engulfs the quicksilver dragon!
The burst of rock shards engulfs the centaur warrior!
You kill the centaur warrior!
Trog accepts your kill. The quicksilver dragon bites you.
* * * LOW HITPOINT WARNING * * *
The quicksilver dragon closely misses you.
The quicksilver dragon breathes dispelling energy at you.
The bolt of dispelling energy hits you!!!
Your magical effects are unravelling.
You die...

###############
......zCD@)≈≈≈#
......pp#[≈≈≈≈#
......z†#.≈≈≈≈#
........#.≈≈≈†#
..b.....#≈≈≈≈≈#
........#.≈...# #
.....b..#.....# #
........#.....# #
#################§#


You could see a fire giant, a quicksilver dragon (catching breath), 2 vault
guards and 2 skeletal warriors.

Vanquished Creatures
  Xtahua (D)
  Frederick (D)
  Sigmund (D)
  A golden dragon (D)
  Rupert (D)
  A lich (D)
  A quicksilver dragon (D)
  Gastronok (D)
  2 shadow dragons (D)
  Chuck (D)
  4 azure jellies (D)
  A nagaraja (D)
  2 ghost moths (D)
  2 frost giants (D)
  Azrael (D)
  2 dire elephants (D)
  4 yaktaur captains (D)
  9 vault guards (D)
  4 fire dragons (D)
  A naga warrior (D)
  An ogre mage (D)
  Erolcha (D)
  3 hydras (D)
  2 centaur warriors (D)
  3 anacondas (D)
  4 dancing weapons (D)
  Urug (D)
  4 death yaks (D)
  A deep elf knight (D)
  A shock serpent (shapeshifter) (D)
  5 orc high priests (D)
  4 skeletal warriors (D)
  A spriggan druid (D)
  A death drake (D)
  An obsidian statue (D)
  An orange crystal statue (D)
  An orc knight (D)
  A lindwurm (D)
  3 deep elf pyromancers (D)
  2 deep elf zephyrmancers (D)
  5 ugly things (D)
  4 crystal guardians (D)
  2 orc sorcerers (D)
  A cyclops (shapeshifter) (D)
  A guardian serpent (D)
  2 elephants (D)
  6 black mambas (D)
  A water nymph (shapeshifter) (D)
  Edmund (D)
  2 cane toads (D)
  A rime drake (D)
  A komodo dragon (D)
  A yaktaur (D)
  A queen bee (D)
  4 spriggan defenders (D)
  3 wandering mushrooms (D)
  A hornet (D)
  2 tyrant leeches (D)
  A dream sheep (shapeshifter) (D)
  8 blink frogs (D)
  6 slime creatures (D)
  A shadow (D)
  2 spriggans (D)
  5 redbacks (D)
  A spatial vortex (D)
  2 nagas (D)
  2 hell hounds (D)
  2 hydra simulacra (D)
  6 water moccasins (D)
  A swamp drake (D)
  A black mamba simulacrum (D)
  5 two-headed ogres (D)
  A necrophage (D)
  A water elemental (D)
  32 killer bees (D)
  An electric eel (D)
  4 orc priests (D)
  A jelly (D)
  A wizard (D)
  Jessica (D)
  A necromancer (D)
  An orc wizard (D)
  A polar bear simulacrum (D)
  3 humans (D)
  A kobold demonologist (D)
  6 adders (D)
  A phantom (D)
  9 orcs (D)
  An endoplasm (D)
  A rat (D)
  10 butterflies (D)
  3 plants (D)
244 creatures vanquished.

Vanquished Creatures (collateral kills)
  A shadow dragon (D)
  A fire giant (D)
  4 vault guards (D)
6 creatures vanquished.

Vanquished Creatures (others)
  A bush (D)
  20 plants (D)
21 creatures vanquished.

Grand Total: 271 creatures vanquished

Notes
Turn   | Place    | Note
-------+----------+-------------------------------------------
     0 | D        | mhtbhm the Minotaur Berserker began the quest for the Orb.
     0 | D        | Reached XP level 1. HP: 19/19 MP: 0/0
   105 | D        | Noticed Jessica
   108 | D        | Killed Jessica
   108 | D        | Reached ** piety under Trog
   109 | D        | Reached skill level 5 in Fighting
   109 | D        | Reached skill level 5 in Polearms
   109 | D        | Reached XP level 2. HP: 30/30 MP: 1/1
   175 | D        | Reached XP level 3. HP: 37/37 MP: 2/2
   254 | D        | Noticed a water elemental
   257 | D        | Killed a water elemental
   258 | D        | Reached XP level 4. HP: 48/48 MP: 3/3
   306 | D        | Found a basalt altar of Yredelemnul.
   306 | D        | Found a shadowy altar of Dithmenos.
   306 | D        | Found a sacrificial altar of Ru.
   306 | D        | Noticed a necrophage
   312 | D        | Killed a necrophage
   312 | D        | Reached *** piety under Trog
   313 | D        | Reached XP level 5. HP: 56/56 MP: 4/4
   370 | D        | Found a glowing silver altar of Zin.
   370 | D        | Found a glowing golden altar of the Shining One.
   370 | D        | Found a white marble altar of Elyvilon.
   371 | D        | Noticed a deep elf pyromancer
   375 | D        | Killed a deep elf pyromancer
   376 | D        | Reached skill level 5 in Dodging
   376 | D        | Reached skill level 1 in Unarmed Combat
   376 | D        | Reached XP level 6. HP: 70/70 MP: 5/5
   376 | D        | Reached XP level 7. HP: 77/77 MP: 6/6
   511 | D        | Found a radiant altar of Vehumet.
   511 | D        | Found a shimmering blue altar of Sif Muna.
   511 | D        | Found an ancient bone altar of Kikubaaqudgha.
   514 | D        | Reached **** piety under Trog
   563 | D        | Found a hide-covered altar of Uskayaw.
   563 | D        | Found an iron altar of Okawaru.
   563 | D        | Found a bloodstained altar of Trog.
   563 | D        | Found an ornate altar of the Wu Jian Council.
   563 | D        | Noticed a human
   563 | D        | Noticed a human
   569 | D        | Killed a human
   572 | D        | Killed a human
   572 | D        | Reached ***** piety under Trog
   573 | D        | Reached skill level 1 in Stealth
   684 | D        | Noticed a shadow
   695 | D        | Killed a shadow
   696 | D        | Reached XP level 8. HP: 54/86 MP: 7/7
   827 | D        | Found a blossoming altar of Fedhas.
   827 | D        | Found a stormy altar of Qazlal.
   827 | D        | Found a snail-covered altar of Cheibriados.
   827 | D        | Found a burning altar of Makhleb.
   827 | D        | Found a shimmering altar of Xom.
   828 | D        | Found a hazy altar of Hepliaklqana.
   828 | D        | Found an opulent altar of Gozag.
   828 | D        | Found a sparkling altar of Nemelex Xobeh.
   828 | D        | Found a corrupted altar of Lugonu.
   828 | D        | Found a viscous altar of Jiyva.
  1051 | D        | Noticed a two-headed ogre
  1076 | D        | Killed a two-headed ogre
  1076 | D        | Identified the +8 glaive "Quaseb" {vorpal, rPois rF- rC++
                  | Will+} (Trog gifted it to you in the Dungeon)
  1076 | D        | Received a gift from Trog
  1077 | D        | Reached skill level 15 in Polearms
  1421 | D        | Noticed Erolcha
  1421 | D        | Noticed a two-headed ogre
  1425 | D        | Killed Erolcha
  1426 | D        | Reached skill level 15 in Fighting
  1426 | D        | Reached XP level 9. HP: 91/100 MP: 8/8
  1429 | D        | Killed a two-headed ogre
  1579 | D        | Noticed a wandering mushroom
  1583 | D        | Noticed a wandering mushroom
  1590 | D        | Killed a wandering mushroom
  1590 | D        | Received a gift from Trog
  1591 | D        | Noticed a wandering mushroom
  1596 | D        | Killed a wandering mushroom
  1597 | D        | Reached skill level 1 in Evocations
  1601 | D        | Killed a wandering mushroom
  1655 | D        | Noticed a cane toad
  1655 | D        | Noticed a komodo dragon
  1655 | D        | Noticed a cane toad
  1662 | D        | Killed a cane toad
  1664 | D        | Killed a cane toad
  1665 | D        | Reached XP level 10. HP: 111/111 MP: 9/9
  1739 | D        | Received a gift from Trog
  2083 | D        | Noticed a lindwurm
  2089 | D        | Killed a lindwurm
  2279 | D        | Noticed Urug
  2281 | D        | Killed Urug
  2281 | D        | Received a gift from Trog
  2282 | D        | Reached skill level 5 in Stealth
  2307 | D        | Noticed a six-headed hydra
  2307 | D        | Noticed a six-headed hydra
  2308 | D        | Reached ****** piety under Trog
  2313 | D        | Killed a four-headed hydra
  2319 | D        | Killed a two-headed hydra
  2509 | D        | Noticed a death drake
  2515 | D        | Killed a death drake
  2516 | D        | Reached XP level 11. HP: 115/122 MP: 10/10
  2691 | D        | Identified the ring "Maummem" {Wiz *Corrode rN+ Str+2
                  | Stlth+}
  2893 | D        | Found Naergh's Jewellery Boutique.
  2893 | D        | Noticed an orc sorcerer
  2894 | D        | Noticed an orc knight
  2897 | D        | Killed an orc sorcerer
  2897 | D        | Received a gift from Trog
  2897 | D        | Noticed an orc high priest
  2903 | D        | Reached skill level 10 in Armour
  2904 | D        | Noticed an orc sorcerer
  2904 | D        | Killed an orc high priest
  2915 | D        | Killed an orc sorcerer
  2915 | D        | Identified the +3 halberd of Pestilence {vorpal, rC- Str+7
                  | Stlth+} (Trog gifted it to you in the Dungeon)
  2915 | D        | Received a gift from Trog
  2921 | D        | Killed an orc knight
  3038 | D        | Noticed a deep elf knight
  3038 | D        | Noticed a deep elf zephyrmancer
  3038 | D        | Noticed a deep elf zephyrmancer
  3038 | D        | Noticed a deep elf pyromancer
  3038 | D        | Noticed a deep elf pyromancer
  3048 | D        | Killed a deep elf pyromancer
  3048 | D        | Identified the +8 trident "Jelly's Nightmare" {flame, SInv}
                  | (Trog gifted it to you in the Dungeon)
  3048 | D        | Received a gift from Trog
  3054 | D        | Killed a deep elf knight
  3056 | D        | Killed a deep elf zephyrmancer
  3058 | D        | Killed a deep elf zephyrmancer
  3061 | D        | Killed a deep elf pyromancer
  3061 | D        | Received a gift from Trog
  3067 | D        | Noticed a deep elf annihilator
  3068 | D        | Noticed a deep elf annihilator
  3073 | D        | Noticed a deep elf death mage
  3105 | D        | Bought the ring "Kuzxicil" {Drain Fly EV+4 Dex+3 Stlth+}
                  | for 680 gold pieces
  3105 | D        | Bought the ring of Qotastri {rElec rF+ MP+9 Int+6} for 1377
                  | gold pieces
  3193 | D        | Received a gift from Trog
  3209 | D        | Received a gift from Trog
  3225 | D        | Received a gift from Trog
  3236 | D        | Received a gift from Trog
  3366 | D        | Noticed Sigmund
  3366 | D        | Noticed Edmund
  3375 | D        | Killed Edmund
  3377 | D        | Killed Sigmund
  3378 | D        | Reached XP level 12. HP: 114/136 MP: 11/11
  3439 | D        | Received a gift from Trog
  3574 | D        | Found Zotou's Antique Armour Emporium.
  3574 | D        | Found Ysulia's Distillery.
  3574 | D        | Found Orivvaru's Magic Scroll Shoppe.
  3574 | D        | Found Poargh's Jewellery Boutique.
  3574 | D        | Found Nuamigang's Book Emporium.
  3574 | D        | Found Cuudoma's Jewellery Shop.
  3574 | D        | Found Buirocw's Antique Weapon Emporium.
  3575 | D        | Found Maridol's Book Boutique.
  3575 | D        | Found Tuisinat's Antique Weapon Shoppe.
  3575 | D        | Found Gyil's Antique Armour Shop.
  3575 | D        | Found Kasm's Antique Armour Emporium.
  3642 | D        | Reached skill level 10 in Dodging
  3794 | D        | Received a gift from Trog
  3802 | D        | Noticed a fire dragon
  3807 | D        | Killed a fire dragon
  3849 | D        | Noticed a centaur warrior
  3852 | D        | Killed a centaur warrior
  3973 | D        | Received a gift from Trog
  4003 | D        | Noticed a yaktaur captain
  4004 | D        | Identified the +1 hand axe of Change {vorpal, rF+}
  4056 | D        | Killed a yaktaur captain
  4124 | D        | Noticed Chuck
  4125 | D        | Noticed a two-headed ogre
  4135 | D        | Killed Chuck
  4136 | D        | Reached skill level 15 in Armour
  4136 | D        | Reached XP level 13. HP: 84/150 MP: 12/12
  4256 | D        | Received a gift from Trog
  4339 | D        | Noticed an ancient lich
  4363 | D        | Identified the +8 flail of Shrieking Terror {flame, rC-
                  | rCorr Str+2 Dex+2}
  4412 | D        | Noticed Frederick
  4420 | D        | Killed Frederick
  4420 | D        | Received a gift from Trog
  4471 | D        | Noticed a lich
  4479 | D        | Killed a lich
  4802 | D        | Noticed Azrael
  4803 | D        | Killed Azrael
  4922 | D        | Received a gift from Trog
  4953 | D        | Noticed a dire elephant
  4955 | D        | Noticed a dire elephant
  4959 | D        | Noticed Gastronok
  4964 | D        | Killed a dire elephant
  4968 | D        | Killed a dire elephant
  4976 | D        | Killed Gastronok
  4989 | D        | Noticed an azure jelly
  4989 | D        | Noticed an azure jelly
  4989 | D        | Noticed an azure jelly
  4992 | D        | Noticed an azure jelly
  4994 | D        | Noticed Rupert
  5005 | D        | Killed Rupert
  5005 | D        | Received a gift from Trog
  5006 | D        | Reached skill level 10 in Stealth
  5079 | D        | Reached skill level 1 in Throwing
  5103 | D        | Reached skill level 27 in Fighting
  5104 | D        | Reached skill level 27 in Polearms
  5104 | D        | Reached XP level 14. HP: 147/168 MP: 13/13
  5145 | D        | Killed an azure jelly
  5145 | D        | Received a gift from Trog
  5149 | D        | Killed an azure jelly
  5153 | D        | Killed an azure jelly
  5157 | D        | Killed an azure jelly
  5247 | D        | Found Ophefub's Book Shoppe.
  5247 | D        | Found Lusoef's Antique Armour Boutique.
  5247 | D        | Found Beqequipp's Distillery.
  5425 | D        | Bought a steaming plate armour for 644 gold pieces
  5425 | D        | Identified the +6 plate armour of the Mantidfly {Slay+2
                  | SInv} (You bought it in a shop in the Dungeon)
  5431 | D        | Bought 2 potions of heal wounds for 110 gold pieces
  5449 | D        | Noticed Xtahua
  5456 | D        | Received a gift from Trog
  5467 | D        | Killed Xtahua
  5468 | D        | Reached skill level 5 in Throwing
  5479 | D        | Got a decaying rune of Zot
  5693 | D        | Received a gift from Trog
  5741 | D        | Received a gift from Trog
  5779 | D        | Noticed a nagaraja
  5781 | D        | Found Qaefum's Book Shop.
  5781 | D        | Found Deingit's Distillery.
  5786 | D        | Found Yhop's Antique Armour Boutique.
  5791 | D        | Killed a nagaraja
  5794 | D        | Received a gift from Trog
  5853 | D        | Got a serpentine rune of Zot
  5922 | D        | Found a blossoming altar of Fedhas.
  5922 | D        | Noticed a ghost moth
  5933 | D        | Noticed a ghost moth
  5934 | D        | Killed a ghost moth
  5940 | D        | Killed a ghost moth
  5940 | D        | Received a gift from Trog
  6123 | D        | Acquired the +0 pair of gloves "Enarreto" {Rampage Stlth+}
  6221 | D        | Noticed a shadow dragon
  6221 | D        | Noticed a shadow dragon
  6233 | D        | Killed a shadow dragon
  6246 | D        | Killed a shadow dragon
  6248 | D        | Received a gift from Trog
  6393 | D        | Noticed a frost giant
  6393 | D        | Noticed a golden dragon
  6393 | D        | Noticed a quicksilver dragon
  6393 | D        | Noticed a quicksilver dragon
  6393 | D        | Noticed a fire giant
  6393 | D        | Noticed a fire giant
  6393 | D        | Noticed a frost giant
  6394 | D        | Noticed a shadow dragon
  6411 | D        | Received a gift from Trog
  6419 | D        | Killed a frost giant
  6422 | D        | Killed a fire giant
  6422 | D        | Received a gift from Trog
  6423 | D        | Reached XP level 15. HP: 174/174 MP: 14/14
  6428 | D        | Killed a quicksilver dragon
  6440 | D        | Received a gift from Trog
  6445 | D        | Killed a golden dragon
  6454 | D        | Killed a shadow dragon
  6456 | D        | Killed a frost giant
  6457 | D        | Reached skill level 5 in Evocations
  6458 | D        | Killed from afar by a quicksilver dragon

Illustrated notes

Levels and vault maps discovered:
D:        dungeon_sprint_mu [sprint_mu_entry_forest, sprint_mu_temple_rooms,
          sprint_mu_d1_spiders, sprint_mu_d2_genie, sprint_mu_d3_branching,
          sprint_mu_orc_legion, sprint_mu_elf_gauntlet, sprint_mu_hive_nellie,
          sprint_mu_lair_fedhas, sprint_mu_vaults_butterflies,
          sprint_mu_slime_circle, sprint_mu_swamp_cave, sprint_mu_snake_twists,
          sprint_mu_blade_basic, sprint_mu_crypt_lich, sprint_mu_tomb_spiral,
          sprint_mu_vestibule_basic, sprint_mu_gehenna_hellfire,
          sprint_mu_dis_giant, sprint_mu_tartarus_statrot,
          sprint_mu_cocytus_islands, sprint_mu_zot1]

Skill      XL: |  1  2  3  4  5  6  7  8  9 10 11 12 13 14 15 |
---------------+----------------------------------------------+-----
Fighting       | 5 7 8 12 13 15 17 19 21 24 27 | 27.0
Polearms       | 5 6 8 9 12 14 16 17 20 22 24 27 | 27.0
Armour         | 3 4 6 7 8 9 12 15 17 25 26 | 26.6
Dodging        | 3 4 5 6 7 8 9 10 12 13 | 13.3
Unarmed Combat | 1 |  1.3
Stealth        | 1 2 3 6 8 9 10 13 14 | 14.7
Evocations     | 1 2 3 5 |  5.0
Throwing       | 1 8 |  8.8

Action                   |  1- 3 |  4- 6 |  7- 9 | 10-12 | 13-15 || total
-------------------------+-------+-------+-------+-------+-------++-------
Melee: Spear             |    17 |     9 |    55 |       |       ||    81
       Unarmed           |     1 |       |       |       |       ||     1
       Headbutt          |     2 |     3 |    12 |    32 |    72 ||   121
       Glaive            |       |       |    28 |   258 |   327 ||   613
Throw: Dart              |       |       |       |       |     5 ||     5
Invok: Berserk           |     3 |     2 |     6 |     7 |     8 ||    26
       Brothers in Arms  |       |       |       |       |     3 ||     3
       Trog's Hand       |       |       |       |       |     1 ||     1
Evoke: Piece from Xom's  |       |       |     2 |     3 |       ||     5
       Tin of tremorston |       |       |       |       |     6 ||     6
       Box of beasts     |       |       |       |       |     1 ||     1
  Use: Scroll            |       |       |       |       |     1 ||     1
       Potion            |       |       |       |       |     1 ||     1
 Stab: Sleeping          |       |       |       |     8 |     4 ||    12
       Distracted        |       |       |       |       |     3 ||     3
Armor: Robe              |       |     1 |     1 |       |       ||     2
       Chain mail        |       |       |       |    35 |    24 ||    59
       Plate armour      |       |       |       |       |   103 ||   103
Dodge: Dodged            |     6 |     1 |     9 |    94 |   166 ||   276

Table legend: (Time is in decaauts)
 A = Elapsed time spent in this place.
 B = Non-inter-level travel time spent in this place.
 C = Inter-level travel time spent in this place.
 D = Time resting spent in this place.
 E = Time spent auto-exploring this place.
 F = Levels seen in this place.
 G = Mean time per level.
                   A        B        C        D        E       F      G
               +--------+--------+--------+--------+--------+-----+--------+
         Total |   6483 |   6222 |    261 |   3948 |     64 |   1 | 6483.0 |
       Dungeon |   6483 |   6222 |    261 |   3948 |     64 |   1 | 6483.0 |
               +--------+--------+--------+--------+--------+-----+--------+

Top non-repeatable levels by time:
       D: 6483 daAuts
